 Dungeon Crawl Stone Soup version 0.30-a0-964-gd452b5e7fa (webtiles) character file.

Game seed: 3447593819347287676

98 vishdafish the Conjurer (level 4, -5/30 HPs)
             Began as a Demonspawn Conjurer on Mar 31, 2023.
             Slain by Grinder (8 damage)
             ... on level 3 of the Dungeon.
             The game lasted 00:02:14 (1471 turns).

vishdafish the Conjurer (Demonspawn Conjurer)       Turns: 1471, Time: 00:02:14

Health: -5/30      AC:  2    Str:  7    XL:     4   Next: 43%
Magic:  0/9        EV: 12    Int: 21    God:
Gold:   78         SH:  0    Dex: 15    Spells: 8/9 levels left

rFire   . . .      SeeInvis .    k - +5 spear "Giantslayer" {flame, rPois Dex+3}
rCold   . . .      Faith    .    (no shield)
rNeg    . . .      Spirit   .    a - +0 robe
rPois   +          Reflect  .    (no helmet)
rElec   .          Rampage  .    (no cloak)
rCorr   .                        (no gloves)
Will    .....                    (no boots)
Stlth   ++                       (no amulet)
HPRegen 0.25/turn                (no ring)
MPRegen 0.11/turn                (no ring)

@: brilliant
A: powered by death 1
a: no special abilities


You were on level 3 of the Dungeon.
You visited 1 branch of the dungeon, and saw 3 of its levels.

You collected 78 gold pieces.

Inventory:

Hand Weapons
 f - a +0 mace
 k - the +5 spear "Giantslayer" (weapon) {flame, rPois Dex+3}
   (You found it on level 2 of the Dungeon)

   Dex:       It affects your dexterity (+3).
   rPois:     It protects you from poison.
Armour
 a - a +0 robe (worn)
Scrolls
 c - a scroll of blinking {unknown}
 d - 2 scrolls of noise {unknown}
 e - a scroll of teleportation {unknown}
 h - a scroll of amnesia {unknown}
 i - a scroll of identify {unknown}
 n - a scroll of vulnerability {unknown}
Potions
 b - a potion of magic
 g - a potion of mutation {unknown}
 j - a potion of flight {unknown}
 l - a potion of brilliance
 m - a potion of heal wounds {unknown}
 o - a potion of degeneration {unknown}


   Skills:
 - Level 1.7 Dodging
 - Level 1.7 Stealth
 + Level 3.4 Spellcasting
 + Level 5.0 Conjurations


You had 8 spell levels left.
You knew the following spells:

 Your Spells              Type           Power      Damage    Failure   Level
a - Magic Dart            Conj           100%       1d8       1%          1

Your spell library contained the following spells:

 Spells                   Type           Power      Damage    Failure   Level
 Searing Ray              Conj           74%        2d7       2%          2
 Dazzling Flash           Conj/Hex       42%        N/A       14%         3
 Fulminant Prism          Conj/Hex       10%        3d9       41%         4
 Iskenderun's Mystic Bla  Conj/Tloc      21%        2d6       41%         4


Dungeon Overview and Level Annotations

Branches:
Dungeon (3/15)

Altars:

Annotations:
D:3 Grinder


Innate Abilities, Weirdness & Mutations

You regenerate a little health from kills.


Message History

Grinder is moderately wounded.
Grinder blinks!
A goblin comes into view. It is wielding a +0 club.
The magic dart hits the goblin.
You kill the goblin!
You can't see any susceptible monsters within range! (Use Z to cast anyway.) Grinder is nearby!
The magic dart hits Grinder.
Grinder is moderately wounded.
The magic dart hits Grinder.
Grinder is heavily wounded.
The magic dart hits Grinder.
Grinder is heavily wounded.
Grinder gestures at you.
You barely resist.
The magic dart hits Grinder.
Grinder is severely wounded.
You are out of magic!
You reach to attack!
You barely miss Grinder.
Grinder is severely wounded.
You closely miss Grinder.
Grinder is severely wounded.
Grinder hits you!
You writhe in agony.
Grinder barely misses you.
You are too injured to fight recklessly!
You don't have enough magic to cast this spell.
Unknown command.
Okay, then.
You barely miss Grinder.
Grinder is severely wounded.
Grinder hits you but does no damage.
You hit Grinder. You burn Grinder.
Grinder is severely wounded.
Grinder hits you.
You writhe in agony.
Grinder gestures at you. Pain shoots through your body!
* * * LOW HITPOINT WARNING * * *
It was a potion of brilliance.
You feel clever all of a sudden. Grinder hits you!
You die...

)############
......5@....#
.##########.#
#.# #.# #.#
######.#
#<.....#
########


You could see Grinder (fast).

Vanquished Creatures
  4 adders (D:2)
  A gnoll (D:1)
  2 worms (D:2)
  A dart slug (D:2)
  2 bats (D:2)
  3 endoplasms
  A giant cockroach (D:1)
  4 goblins
  5 hobgoblins
  3 jackals (D:1)
  5 kobolds (D:2)
  2 quokkas (D:2)
  4 ball pythons
  2 frilled lizards (D:1)
  5 rats
44 creatures vanquished.

Notes
Turn   | Place    | Note
-------+----------+-------------------------------------------
     0 | D:1      | vishdafish the Demonspawn Conjurer began the quest for the
                  | Orb.
     0 | D:1      | Reached XP level 1. HP: 13/13 MP: 3/3
   205 | D:1      | Gained mutation: You regenerate a little health from kills.
                  | [demonic ancestry]
   205 | D:1      | Reached XP level 2. HP: 19/19 MP: 0/5
   859 | D:2      | Identified the +5 spear "Giantslayer" {flame, rPois Dex+3}
   911 | D:2      | Reached XP level 3. HP: 24/24 MP: 7/7
  1204 | D:2      | Reached XP level 4. HP: 28/30 MP: 8/8
  1278 | D:2      | Reached skill level 5 in Conjurations
  1454 | D:3      | Noticed Grinder
  1471 | D:3      | Slain by Grinder

Illustrated notes

Levels and vault maps discovered:
D:1:      scummos_arrival_star, layout_rooms
D:2:      layout_loops_cross, st_stairs_13, dreamdust_wishing_well
D:3:      layout_basic, tso_metal_star, nicolae_wu_jian_wuxing_cycle,
          kiku_gazebo_garden_becter, overflow_temple_1_default,
          gup_sewer_entry_pipe, uniq_grinder, uniq_jessica, uniq_sigmund,
          uniq_robin

Skill      XL: |  1  2  3  4 |
---------------+-------------+-----
Spellcasting   | 3 |  3.4
Conjurations   | 5 |  5.0
Dodging        | |  1.7
Stealth        | |  1.7

Action                     |  1- 3 |  4- 6 || total
---------------------------+-------+-------++-------
  Melee: Mace              |    29 |       ||    29
         Unarmed           |     4 |       ||     4
         Spear             |    41 |    22 ||    63
   Cast: Magic Dart        |    28 |    10 ||    38
    Use: Potion            |       |     1 ||     1
   Stab: Sleeping          |     5 |     3 ||     8
 Armour: Robe              |    12 |     4 ||    16
  Dodge: Dodged            |    49 |     2 ||    51

Table legend: (Time is in decaauts)
 A = Elapsed time spent in this place.
 B = Non-inter-level travel time spent in this place.
 C = Inter-level travel time spent in this place.
 D = Time resting spent in this place.
 E = Time spent auto-exploring this place.
 F = Levels seen in this place.
 G = Mean time per level.
                   A        B        C        D        E       F      G
               +--------+--------+--------+--------+--------+-----+--------+
         Total |   1487 |   1451 |     36 |      0 |   1145 |   3 |  495.7 |
       Dungeon |   1487 |   1451 |     36 |      0 |   1145 |   3 |  495.7 |
               +--------+--------+--------+--------+--------+-----+--------+

Top non-repeatable levels by time:
     D:1: 844 daAuts
     D:2: 611 daAuts
     D:3: 32 daAuts
